 Dungeon Crawl Stone Soup version 0.17.1-3-g152610e (webtiles) character file.

627 Lucifugo the Ruffian (level 7, -5/67 HPs)
             Began as a Troll Abyssal Knight on Apr 25, 2016.
             Was a Priest of Lugonu.
             Slain by an orc warrior
             ... wielding a +0 glaive
              (17 damage)
             ... on level 7 of the Dungeon on Apr 26, 2016.
             The game lasted 01:10:09 (3050 turns).

Lucifugo the Ruffian (Troll Abyssal Knight)         Turns: 3050, Time: 01:10:09

Health: -5/67      AC:  5    Str: 23    XL:     7   Next: 23%
Magic:  9/9        EV: 10    Int:  8    God:    Lugonu [***...]
Gold:   118        SH:  0    Dex:  9    Spells: 1 memorised, 4 levels left

rFire  + . .     SeeInvis .       - Unarmed
rCold  . . .     Clarity  .     a - +0 robe
rNeg   . . .     SustAt   .     (no shield)
rPois  .         Gourm    +     (helmet restricted)
rElec  .         Spirit   .     (no cloak)
rCorr  .         Warding  .     (gloves unavailable)
rMut   .         Stasis   .     (boots unavailable)
MR     .....                    (no amulet)
Stlth  +.........               q - ring of protection from cold
                                e - ring of fire

@: not resistant to hostile enchantments, very unstealthy
A: unfitting armour, claws 3, fast metabolism 3, gourmand, regeneration 2,
shaggy fur 1, tough skin 2
a: Depart the Abyss, Bend Space, Banish, Renounce Religion


You were on level 7 of the Dungeon.
You worshipped Lugonu.
Lugonu was most pleased with you.
You were full.

You visited 1 branch of the dungeon, and saw 5 of its levels.
You visited the Abyss 1 time.

You collected 118 gold pieces.

Inventory:

Hand Weapons
 g - a +0 dagger of flaming
 h - a +0 hunting sling
 l - a +0 spear of piercing
 o - a +0 dagger of flaming
Missiles
 f - 55 stones (quivered)
 k - 2 tomahawks
Armour
 a - a +0 robe (worn)
 m - a +0 animal skin
Rods
 t - a +0 rod of shadows (10/10)
   (You found it on level 7 of the Dungeon)
Jewellery
 e - a ring of fire (left claw)
 q - a ring of protection from cold (right claw)
Wands
 s - a wand of paralysis (13)
Scrolls
 c - a scroll of teleportation
 j - a scroll of remove curse {unknown}
Potions
 d - a potion of haste
 i - a potion of curing
 n - a potion of mutation {unknown}
 p - a potion of agility
Books
 r - a book of Minor Magic

   Spells                             Type                      Level
   a - Magic Dart                     Conjuration                  1
   b - Blink                          Translocation                2
   c - Call Imp                       Summoning                    2
   d - Repel Missiles                 Charms/Air                   2
   e - Slow                           Hexes                        2
   f - Conjure Flame                  Conjuration/Fire             3
   g - Mephitic Cloud                 Conjuration/Poison/Air       3


   Skills:
 - Level 3.3 Fighting
 - Level 2.1 Dodging
 + Level 5.4 Unarmed Combat
 + Level 4.9 Invocations


You had 4 spell levels left.
You knew the following spells:

 Your Spells              Type           Power        Failure   Level  Hunger
a - Blink                 Tloc           N/A          69%         2    ###....


Dungeon Overview and Level Annotations

Branches:
Dungeon (7/15)
 Temple: D:4-7

Altars:
Dithmenos
Ru


Innate Abilities, Weirdness & Mutations

You are too large for most types of armour.
You have claws for hands.
Your metabolism is lightning-fast.
You like to eat raw meat.
You heal very quickly.
You are covered in fur (AC +1).
You have very tough skin (AC +2).


Message History

Aim: an orc warrior, wielding a glaive and wearing a chain mail You throw a stone.
The stone barely misses the orc warrior.
You hear the quick hiss of a very distant avalanche of sand.
The orc warrior hits you from afar with a glaive!
You claw the orc warrior!
The orc warrior is moderately wounded.
The orc warrior hits you with a glaive!!
* * * LOW HITPOINT WARNING * * *
You scratch the orc warrior.
The orc warrior is heavily wounded.
The orc warrior barely misses you.
The orc priest shouts!
You claw the orc warrior!
The orc warrior is almost dead.
The orc priest miscasts a cantrip.
You closely miss the orc warrior.
The orc warrior is almost dead.
The orc warrior hits you with a glaive!
You die...

...
)......#............#...#
..##
##..#............#...#
...
.....#$..........#...#
...
.................#...###
........................
........<...............
........................
..o.....)...............
..#...@)...............
+..o....#............
#.(...(.#............
#(.....(#####..###.##
#..##..... ......#.. ....
..#.#......#....
$..........####.....##
............% ......
.....#


You could see an orc warrior and an orc priest.

Vanquished Creatures
  A water moccasin (D:7)
  A phantom (D:7)
  A hound (D:7)
  A centaur zombie (D:7)
  An orc wizard (D:7)
  An iguana (D:7)
  Terence (D:2)
  A worker ant (D:7)
  A hound skeleton (D:7)
  A worker ant zombie (D:7)
  Robin (D:3)
  6 adders
  2 shadow imps (D:7)
  An ooze (D:3)
  A worm (D:2)
  An adder skeleton (D:4)
  A giant gecko (D:4)
  9 orcs
  2 ball pythons
  2 giant cockroaches
  14 goblins
  11 hobgoblins
  2 jackals (D:4)
  2 quokkas
  10 bats
  5 giant newts
  9 kobolds
  A quokka skeleton (D:4)
  6 rats
96 creatures vanquished.

Vanquished Creatures (others)
  A sky beast (D:7)
1 creature vanquished.

Grand Total: 97 creatures vanquished

Notes
Turn   | Place    | Note
--------------------------------------------------------------
     0 | Abyss:1  | Lucifugo the Troll Abyssal Knight began the quest for the Orb.
     0 | Abyss:1  | Reached XP level 1. HP: 22/22 MP: 1/1
    37 | D:1      | Escaped the Abyss
   324 | D:1      | Reached XP level 2. HP: 29/29 MP: 2/2
   420 | D:1      | Reached ** piety under Lugonu
   541 | D:2      | Reached skill level 3 in Fighting
   564 | D:2      | Noticed Terence
   569 | D:2      | Killed Terence
   569 | D:2      | Reached XP level 3. HP: 27/37 MP: 3/3
   730 | D:2      | Reached XP level 4. HP: 35/45 MP: 4/4
  1579 | D:3      | Reached *** piety under Lugonu
  1726 | D:3      | Found a shadowy altar of Dithmenos.
  1763 | D:3      | Noticed Robin
  1771 | D:3      | Reached XP level 5. HP: 53/53 MP: 6/6
  1782 | D:3      | Killed Robin
  2316 | D:4      | Found a sacrificial altar of Ru.
  2531 | D:4      | You fall through a shaft for 3 floors!
  2550 | D:7      | Noticed a phantom
  2583 | D:7      | Killed a phantom
  2583 | D:7      | Reached skill level 4 in Unarmed Combat
  2583 | D:7      | Reached XP level 6. HP: 59/61 MP: 7/7
  2696 | D:7      | Noticed a sky beast
  2698 | D:7      | Noticed a water moccasin
  2706 | D:7      | Killed a water moccasin
  2707 | D:7      | Banished a sky beast
  2755 | D:7      | Learned a level 2 spell: Blink
  2791 | D:7      | Reached skill level 5 in Unarmed Combat
  2791 | D:7      | Reached XP level 7. HP: 47/67 MP: 9/9
  3040 | D:7      | Noticed an orc warrior
  3050 | D:7      | Slain by an orc warrior

Action                   |  1- 3 |  4- 6 |  7- 9 || total
-------------------------+-------+-------+-------++-------
Melee: Unarmed           |    72 |   208 |    29 ||   309
 Fire: Hunting sling     |       |     5 |     3 ||     8
Throw: Stone             |    14 |    55 |     7 ||    76
Invok: Banish            |       |     1 |       ||     1
  Use: Scroll            |     3 |     3 |       ||     6
       Potion            |       |     3 |       ||     3
  Eat: Chunk             |     4 |     1 |       ||     5
       Meat ration       |     1 |       |       ||     1
       Royal jelly       |     1 |       |       ||     1
       Bread ration      |       |     3 |     1 ||     4
       Beef jerky        |       |     1 |       ||     1
